 Dungeon Crawl Stone Soup version 0.28.0-45-g0d030f2227 (webtiles) character file.

Game seed: 5902868741478974573

109 pkoi the Insei (level 4, -4/36 HPs)
             Began as a Demigod Gladiator on Apr 25, 2022.
             Slain by Terence
             ... wielding a +0 mace
              (8 damage)
             ... on level 2 of the Dungeon.
             The game lasted 00:02:34 (3396 turns).

pkoi the Insei (Demigod Gladiator)                  Turns: 3396, Time: 00:02:34

Health: -4/36      AC:  4    Str: 15    XL:     4   Next: 35%
Magic:  6/6        EV: 12    Int: 14    God:
Gold:   128        SH:  0    Dex: 15    Spells: 3/3 levels left

rFire   . . .      SeeInvis .     - Unarmed
rCold   . . .      Faith    .   (no shield)
rNeg    . . .      Spirit   .   a - +0 leather armour
rPois   .          Reflect  .   b - +0 helmet
rElec   .          Harm     .   (no cloak)
rCorr   .          Rampage  .   (no gloves)
Will    .....                   (no boots)
Stlth   +.........              (no amulet)
HPRegen 0.12/turn               (no ring)
MPRegen 0.10/turn               (no ring)

@: no status effects
A: high MP 1, forlorn, divine attributes
a: no special abilities


You were on level 2 of the Dungeon.
You visited 1 branch of the dungeon, and saw 2 of its levels.

You collected 128 gold pieces.

Inventory:

Hand Weapons
 d - a +0 dagger
 e - a +0 dagger
 j - a +0 whip
Missiles
 g - 3 poisoned darts (quivered)
Armour
 a - a +0 leather armour (worn)
 b - a +0 helmet (worn)
Scrolls
 h - a scroll of identify
 i - a scroll of magic mapping {unknown}
Potions
 f - 3 potions of curing


   Skills:
 - Level 2.0 Fighting
 - Level 1.7 Throwing
 - Level 2.6 Dodging
 + Level 4.9 Unarmed Combat


You had 3 spell levels left.
You didn't know any spells.
Your spell library contained the following spells:

 Spells                   Type           Power      Damage    Failure   Level
 Pain                     Necr           0%         1d4       34%         1
 Agony                    Necr           0%         N/A       100%        5
 Excruciating Wounds      Necr           0%         N/A       100%        5


Dungeon Overview and Level Annotations

Branches:
Dungeon (2/15)

Annotations:
D:2 Terence


Innate Abilities, Weirdness & Mutations

You have an increased reservoir of magic. (+10% MP)
You shall have no god before yourself.
Your divine heritage dramatically boosts your attributes as you level up.


Message History

You hit Terence.
Terence is severely wounded.
Terence struggles against the net.
You hit Terence.
Terence is almost dead.
Terence struggles against the net.
You hit Terence but do no damage.
Terence is almost dead.
Terence struggles against the net.
You hit Terence but do no damage.
Terence is almost dead.
Terence struggles against the net.
You strike the helpless Terence from behind!
You hit Terence but do no damage.
Terence is almost dead.
You hit Terence but do no damage.
Terence is almost dead.
Terence struggles against the net.
The net rips apart, and Terence comes free!
Terence closely misses you.
You hit Terence but do no damage.
Terence is almost dead.
You closely miss Terence. Your punch misses Terence.
Terence is almost dead.
Terence closely misses you.
You barely miss Terence.
Terence is almost dead.
Terence hits you with a +0 mace.
* * * LOW HITPOINT WARNING * * *
You hit Terence but do no damage.
Terence is almost dead.
Terence hits you with a +0 mace.
* * * LOW HITPOINT WARNING * * *
Throw: throwing net
Press: ? - help, Q - select action, (/) - cycle Shift-Dir - straight line, f/p - Terence
Aim: Terence, wielding a +0 mace and wearing a +0 scale mail (almost dead, 63% to hit)
You throw a throwing net.
The throwing net closely misses Terence.
Terence hits you with a +0 mace!
You die...

......######.........
......... ..........
......### .......
......# #.....######
#.##### #........... #.#
#.)_........ #.#
#........... #.#
#.[.........
#.####+########.@@.....(
#.#............#........
#.#............#........
#..)...........#........
...............#########
##.............#
#.............#
##.............#
P..♣...........#


You could see Terence.

Vanquished Creatures
  5 gnolls
  An adder (D:2)
  A dart slug (D:1)
  2 bats
  4 endoplasms
  2 giant cockroaches
  4 goblins
  4 hobgoblins
  10 jackals
  A quokka (D:2)
  3 frilled lizards
  5 kobolds
  3 rats
  3 toadstools (D:1)
48 creatures vanquished.

Vanquished Creatures (others)
  2 fungi (D:1)
  2 toadstools (D:1)
4 creatures vanquished.

Grand Total: 52 creatures vanquished

Notes
Turn   | Place    | Note
-------+----------+-------------------------------------------
     0 | D:1      | pkoi the Demigod Gladiator began the quest for the Orb.
     0 | D:1      | Reached XP level 1. HP: 17/17 MP: 3/3
    27 | D:1      | Reached skill level 3 in Unarmed Combat
   534 | D:1      | Reached XP level 2. HP: 20/24 MP: 4/4
  1529 | D:1      | Reached XP level 3. HP: 28/29 MP: 5/5
  1823 | D:2      | Reached skill level 4 in Unarmed Combat
  2553 | D:1      | Reached XP level 4. HP: 4/36 MP: 6/6
  3368 | D:2      | Noticed Terence
  3396 | D:2      | Slain by Terence

Illustrated notes

Levels and vault maps discovered:
D:1:      amcnicky_arrival_double_pillar, layout_loops_corners,
          chequers_ecumenical_altar_simple, minmay_gold_behind_fungi,
          due_unseen_surprise
D:2:      layout_basic, basic_altar, serial_bayou_pond_a, uniq_terence

Skill      XL: |  1  2  3 |
---------------+----------+-----
Unarmed Combat | 3 4 |  4.9
Fighting       | 2 |  2.0
Throwing       | |  1.7
Dodging        | |  2.6

Action                   |  1- 3 |  4- 6 || total
-------------------------+-------+-------++-------
Melee: Unarmed           |   148 |    63 ||   211
       Punch             |     7 |     1 ||     8
Throw: Throwing net      |       |     4 ||     4
  Use: Scroll            |       |     1 ||     1
 Stab: Held in net/web   |       |     2 ||     2
       Sleeping          |       |     1 ||     1
Armor: Leather armour    |    23 |    13 ||    36
Dodge: Dodged            |    82 |    30 ||   112
